 Dungeon Crawl Stone Soup version 0.30.0-5-g1a98f26d00 (webtiles) character file.

Game seed: 7665884711530168691

260 monsoonserge the Sneak (level 6, 0/44 HPs)
             Began as a Gnoll Enchanter on May 10, 2023.
             Slain by an elf zombie (7 damage)
             ... in an ossuary.
             The game lasted 00:10:19 (2387 turns).

monsoonserge the Sneak (Gnoll Enchanter)            Turns: 2387, Time: 00:10:20

Health: 0/44       AC:  3    Str:  8    XL:     6   Next: 17%
Magic:  11/14      EV: 13    Int: 16    God:
Gold:   122        SH:  0    Dex: 12    Spells: 7/15 levels left

rFire   . . .        t - +3 dagger
rCold   + . .        (no shield)
rNeg    . . .        l - +0 leather armour
rPois   .            (no helmet)
rElec   .            (no cloak)
rCorr   .            (no gloves)
SInv    .            (no boots)
Will    .....        (no amulet)
Stlth   +++          n - ring of protection from cold
HPRegen 0.27/turn    (no ring)
MPRegen 0.14/turn

%: no passive effects
@: no status effects
A: fangs 1, strong nose, distributed training
a: no special abilities


You were in an ossuary.
You visited 1 branch of the dungeon, and saw 4 of its levels.
You also visited: Ossuary.

You collected 122 gold pieces.

Inventory:

Hand Weapons
 s - the +1 whip of Destiny {freeze, Int+3}
   (You found it on level 2 of the Dungeon)

   Int:       It affects your intelligence (+3).
 t - a +3 dagger (weapon)
Missiles
 d - 2 curare-tipped darts (quivered)
 f - 25 stones
Armour
 l - a +0 leather armour (worn)
 u - a +0 ring mail
Jewellery
 n - a ring of protection from cold (left hand)
Scrolls
 e - a scroll of vulnerability {unknown}
 g - 2 scrolls of identify {unknown}
 h - a scroll of fear {unknown}
 j - a scroll of enchant armour {unknown}
 p - 2 scrolls of noise {unknown}
 r - a scroll of acquirement {unknown}
Potions
 a - a potion of might {unknown}
 b - 2 potions of lignification {unknown}
 c - 2 potions of invisibility
 i - a potion of degeneration {unknown}
 k - a potion of attraction {unknown}
 m - 2 potions of magic {unknown}
 o - a potion of curing {unknown}
 q - 2 potions of brilliance {unknown}


   Skills:
 + Level 1.9 Fighting
 + Level 3.2 Short Blades
 + Level 1.9 Long Blades
 + Level 1.9 Axes
 + Level 1.9 Maces & Flails
 + Level 1.9 Polearms
 + Level 1.9 Staves
 + Level 1.9 Ranged Weapons
 + Level 1.9 Throwing
 + Level 1.9 Armour
 + Level 5.0 Dodging
 + Level 6.3 Stealth
 + Level 1.9 Shields
 + Level 1.9 Unarmed Combat
 + Level 5.3 Spellcasting
 + Level 1.5 Conjurations
 + Level 5.6 Hexes
 + Level 1.5 Summonings
 + Level 1.5 Necromancy
 + Level 1.5 Translocations
 + Level 1.5 Transmutations
 + Level 1.5 Fire Magic
 + Level 1.5 Ice Magic
 + Level 1.5 Air Magic
 + Level 1.5 Earth Magic
 + Level 1.5 Poison Magic
 + Level 2.1 Invocations
 + Level 1.9 Evocations


You had 7 spell levels left.
You knew the following spells:

 Your Spells              Type           Power      Damage    Failure   Level
a - Ensorcelled Hibernat  Hex/Ice        30%        N/A       7%          2
b - Confusing Touch       Hex            22%        N/A       6%          3
c - Dazzling Flash        Conj/Hex       30%        N/A       14%         3

Your spell library contained the following spells:

 Spells                   Type           Power      Damage    Failure   Level
 Tukima's Dance           Hex            22%        N/A       6%          3
 Beastly Appendage        Tmut           18%        N/A       11%         1
 Shock                    Conj/Air       36%        1d5       11%         1
 Wereblood                Tmut           9%         N/A       17%         2
 Spider Form              Tmut/Pois      9%         N/A       32%         3
 Swiftness                Air            9%         N/A       32%         3
 Airstrike                Air            4%         2d(1-17)  73%         4


Dungeon Overview and Level Annotations

Branches:
Dungeon (5/15)            Ossuary (1/1)
 Temple: D:4-7

Altars:
Fedhas
Makhleb
Okawaru
Ru
Sif Muna
Xom
Yredelemnul


Innate Abilities, Weirdness & Mutations

You have very sharp teeth.
Your uncanny sense of smell can sniff out nearby items.
Your experience applies equally to all skills.


Message History

You hit the elf zombie.
The elf zombie is heavily damaged.
The elf zombie hits you.
You closely miss the elf zombie.
The elf zombie is heavily damaged.
The elf zombie closely misses you.
You hit the elf zombie but do no damage.
The elf zombie is heavily damaged.
You hit the elf zombie but do no damage.
The elf zombie is heavily damaged.
The elf zombie closely misses you.
You hit the elf zombie.
The elf zombie is heavily damaged.
The elf zombie misses you.
You hit the elf zombie.
The elf zombie is heavily damaged.
You puncture the elf zombie!
The elf zombie is severely damaged.
The elf zombie barely misses you.
You hit the elf zombie.
The elf zombie is severely damaged.
The elf zombie hits you.
You hit the elf zombie.
The elf zombie is almost destroyed.
You hit the elf zombie.
The elf zombie is almost destroyed.
The elf zombie hits you.
* * * LOW HITPOINT WARNING * * *
You closely miss the elf zombie.
The elf zombie is almost destroyed.
The elf zombie hits you.
* * * LOW HITPOINT WARNING * * *
Casting: Confusing Touch (dangerous; 6% risk of failure)
Confirm with . or Enter, or press ? or * to list all spells.
Your hands begin to glow red.
You hit the elf zombie but do no damage.
The elf zombie appears confused.
The elf zombie is almost destroyed.
The elf zombie hits you!
You die...

##.#
#####...#####
#.....∩.....
##.........##
#...........#
##.........##
#........Z..#
##........@##
#...........#
##.........##
#...........#
##.........##
#...........#
##.........##
#...........#
##.........##


You could see an elf zombie (confused).

Vanquished Creatures
  A centaur zombie (Ossuary)
  A jelly (D:3)
  An iguana (D:5)
  2 mummies (Ossuary)
  2 gnolls (D:1)
  5 adders
  A white imp (D:5)
  2 worms
  A dart slug (D:1)
  3 orcs
  5 bats
  5 endoplasms
  A giant cockroach (D:3)
  4 gnoll zombies (Ossuary)
  4 hobgoblins
  3 jackals (D:3)
  4 kobolds
  2 quokkas
  3 ball pythons (D:2)
  2 frilled lizards
  8 goblins
  4 goblin zombies (Ossuary)
  4 hobgoblin zombies (Ossuary)
  A rat (D:2)
69 creatures vanquished.

Notes
Turn   | Place    | Note
-------+----------+-------------------------------------------
     0 | D:1      | monsoonserge the Gnoll Enchanter began the quest for the
                  | Orb.
     0 | D:1      | Reached XP level 1. HP: 13/13 MP: 6/6
    92 | D:1      | Reached XP level 2. HP: 17/19 MP: 7/7
    95 | D:1      | Learned a level 2 spell: Ensorcelled Hibernation
   520 | D:1      | Reached skill level 5 in Spellcasting
   520 | D:1      | Reached XP level 3. HP: 7/25 MP: 5/9
   599 | D:1      | Learned a level 3 spell: Confusing Touch
   630 | D:1      | Reached skill level 6 in Stealth
   630 | D:1      | Reached skill level 1 in Invocations
  1110 | D:2      | Reached skill level 1 in Fighting
  1110 | D:2      | Reached skill level 1 in Long Blades
  1110 | D:2      | Reached skill level 1 in Axes
  1110 | D:2      | Reached skill level 1 in Maces & Flails
  1110 | D:2      | Reached skill level 1 in Polearms
  1110 | D:2      | Reached skill level 1 in Staves
  1110 | D:2      | Reached skill level 1 in Ranged Weapons
  1110 | D:2      | Reached skill level 1 in Throwing
  1110 | D:2      | Reached skill level 1 in Armour
  1110 | D:2      | Reached skill level 1 in Shields
  1110 | D:2      | Reached skill level 1 in Unarmed Combat
  1110 | D:2      | Reached skill level 1 in Evocations
  1244 | D:2      | Reached XP level 4. HP: 32/32 MP: 11/11
  1359 | D:2      | Identified the +1 whip of Destiny {freeze, Int+3}
  1572 | D:2      | Reached skill level 1 in Conjurations
  1572 | D:2      | Reached skill level 1 in Summonings
  1572 | D:2      | Reached skill level 1 in Necromancy
  1572 | D:2      | Reached skill level 1 in Translocations
  1572 | D:2      | Reached skill level 1 in Transmutations
  1572 | D:2      | Reached skill level 1 in Fire Magic
  1572 | D:2      | Reached skill level 1 in Ice Magic
  1572 | D:2      | Reached skill level 1 in Air Magic
  1572 | D:2      | Reached skill level 1 in Earth Magic
  1572 | D:2      | Reached skill level 1 in Poison Magic
  1743 | D:3      | Found a shimmering blue altar of Sif Muna.
  1747 | D:3      | Found a sacrificial altar of Ru.
  1747 | D:3      | Found a shimmering altar of Xom.
  1747 | D:3      | Found a burning altar of Makhleb.
  1747 | D:3      | Found a blossoming altar of Fedhas.
  1747 | D:3      | Found an iron altar of Okawaru.
  1749 | D:3      | Found a basalt altar of Yredelemnul.
  1847 | D:3      | Reached XP level 5. HP: 37/37 MP: 12/12
  2121 | D:3      | You fall into a shaft and drop 2 floors!
  2121 | D:5      | Entered Level 5 of the Dungeon
  2168 | D:5      | Found a sand-covered staircase.
  2233 | Ossuary  | Entered an ossuary
  2238 | Ossuary  | Learned a level 3 spell: Dazzling Flash
  2331 | Ossuary  | Reached XP level 6. HP: 41/44 MP: 13/13
  2344 | Ossuary  | Reached skill level 5 in Dodging
  2387 | Ossuary  | Slain by an elf zombie

Illustrated notes

Levels and vault maps discovered:
D:1:      elethiomel_arrival_maze, layout_basic
D:2:      layout_loops_ring, kennysheep_boxes
D:3:      layout_rooms, grunt_temple_overflow_open,
          chequers_ecumenical_altar_island, minmay_misc_feat_encased
D:5:      layout_rooms, lightli_ossuary_entry_decrepit_ruins, minivault_19,
          uniq_grinder
Ossuary:  minmay_ossuary_gauntlet

Skill      XL: |  1  2  3  4  5  6 |
---------------+-------------------+-----
Spellcasting   | 5 |  5.3
Stealth        | 6 |  6.3
Invocations    | 1 2 |  2.1
Fighting       | 1 |  1.9
Long Blades    | 1 |  1.9
Axes           | 1 |  1.9
Maces & Flails | 1 |  1.9
Polearms       | 1 |  1.9
Staves         | 1 |  1.9
Ranged Weapons | 1 |  1.9
Throwing       | 1 |  1.9
Armour         | 1 |  1.9
Shields        | 1 |  1.9
Unarmed Combat | 1 |  1.9
Evocations     | 1 |  1.9
Conjurations   | 1 |  1.5
Summonings     | 1 |  1.5
Necromancy     | 1 |  1.5
Translocations | 1 |  1.5
Transmutations | 1 |  1.5
Fire Magic     | 1 |  1.5
Ice Magic      | 1 |  1.5
Air Magic      | 1 |  1.5
Earth Magic    | 1 |  1.5
Poison Magic   | 1 |  1.5
Short Blades   | 3 |  3.2
Dodging        | 5 |  5.0
Hexes          | |  5.6

Action                     |  1- 3 |  4- 6 || total
---------------------------+-------+-------++-------
  Melee: Dagger            |    61 |   144 ||   205
         Bite              |     5 |    17 ||    22
         Punch             |       |     4 ||     4
   Cast: Ensorcelled Hiber |    14 |    19 ||    33
         Confusing Touch   |       |     5 ||     5
   Stab: Sleeping          |    12 |    24 ||    36
         Confused          |       |     5 ||     5
 Armour: Leather armour    |     5 |    31 ||    36
  Dodge: Dodged            |    35 |   100 ||   135
